AoeStats
← Zac

Arena

505356628Analyzed
4v4 RM · 24d ago on Sep 9, 2026· 45m 5s· 8 players
Game mode
Random Map
Map size
Large (8 player)
Population
200
Speed
Normal
Resources
Standard
Victory
Conquest
Starting age
Dark Age
Ending age
Imperial Age
RankedLock teamsTeams togetherTeam positionsShared explorationLock speedFull tech treeHidden civsTurbo modeCheats
Victory
Defeat
🇨🇷 Khitans · Costa Rica
1314
+12
🇺🇸 Mongols · United States
1310
+13
🇨🇷 Chinese · Costa Rica
1257
+15
🇹🇷 Bohemians · Türkiye
1198
+17
🇺🇸 Portuguese · United States
1417
-22
🇨🇦 Vietnamese · Canada
1209
-13
🇺🇸 Persians · United States
1209
-13
🇺🇸 Sicilians · United States
1088
-9
Zac
10:33 Feudal Age
11:56 Loom
14:56 Castle Age
13:13 Double-Bit Axe
13:09 Horse Collar
16:03 Bow Saw
20:24 Wheelbarrow
19:35 Loom
22:23 Hand Cart
23:18 Heavy Plow
24:17 Gold Mining
24:18 Stone Mining
28:42 Imperial Age
25:59 Town Watch
27:27 Scale Barding Armor
27:35 Forging
28:15 Stone Shaft Mining
28:07 Bloodlines
27:58 Husbandry
28:24 Chain Barding Armor
29:21 Iron Casting
28:49 Cavalier
30:08 Plate Barding Armor
30:39 Chemistry
30:03 Conscription
31:38 Plate Barding Armor
33:15 Blast Furnace
32:54 Fletching
33:58 Bodkin Arrow
34:39 Ballistics
35:17 Masonry
34:59 Light Cavalry
36:40 Arquebus
37:14 Architecture
40:52 Two-Man Saw
43:09 Caravan
sj
10:36 Feudal Age
14:27 Castle Age
12:18 Double-Bit Axe
12:13 Horse Collar
12:25 Horse Collar
16:08 Bow Saw
22:17 Wheelbarrow
23:47 Heavy Plow
24:07 Hand Cart
28:11 Imperial Age
25:48 Gold Mining
26:22 Scale Barding Armor
26:57 Bloodlines
26:47 Husbandry
27:23 Chain Barding Armor
26:59 Loom
27:32 Forging
29:40 Chemistry
28:34 Cavalier
29:56 Plate Barding Armor
31:05 Iron Casting
31:34 Savar
33:33 Blast Furnace
32:53 Caravan
40:22 Ballistics
39:34 Heavy Scorpion
40:43 Fletching
Frak
10:59 Feudal Age
13:05 Loom
16:15 Castle Age
14:41 Double-Bit Axe
14:38 Horse Collar
17:34 Wheelbarrow
17:26 Town Watch
17:54 Bow Saw
18:03 Pikeman
18:11 Elite Skirmisher
19:43 Fletching
22:58 Padded Archer Armor
24:55 Gold Mining
27:26 Leather Archer Armor
27:25 Heavy Plow
27:50 Stone Mining
28:29 Bodkin Arrow
28:57 Ballistics
29:50 Hand Cart
30:42 Thumb Ring
34:39 Imperial Age
32:18 Scale Mail Armor
32:28 Forging
32:44 Squires
33:40 Arson
35:19 Chain Mail Armor
35:39 Iron Casting
36:33 Two-Man Saw
35:56 Paper Money
36:30 Crop Rotation
37:56 Chemistry
36:51 Crossbowman
37:56 Bracer
BIG Q
8:56 Loom
10:44 Feudal Age
12:16 Double-Bit Axe
14:37 Castle Age
14:09 Gold Mining
14:15 Horse Collar
15:11 Loom
15:43 Heavy Plow
21:11 Town Watch
23:59 Wheelbarrow
23:29 Pikeman
25:51 Hand Cart
26:31 Ballistics
27:44 Forging
27:35 Scale Mail Armor
28:26 Stone Mining
32:05 Imperial Age
31:59 Iron Casting
33:14 Heavy Scorpion
34:56 Chemistry
36:06 Blast Furnace
35:21 Chain Mail Armor
38:54 Halberdier
44:07 Plate Mail Armor
MA
11:46 Feudal Age
12:49 Double-Bit Axe
15:31 Castle Age
13:16 Horse Collar
16:28 Bow Saw
17:10 Wheelbarrow
19:08 Town Watch
20:25 Fervor
23:16 Hand Cart
27:36 Imperial Age
26:43 Chemistry
27:38 Padded Archer Armor
27:39 Scale Mail Armor
27:50 Forging
27:43 Scale Mail Armor
27:57 Forging
29:37 Two-Man Saw
29:11 Chain Mail Armor
28:24 Pikeman
29:05 Squires
28:50 Arson
29:32 Heavy Plow
28:54 Houfnice
30:13 Iron Casting
29:02 Halberdier
30:13 Town Patrol
29:59 Loom
30:54 Plate Mail Armor
32:29 Blast Furnace
32:02 Siege Engineers
[CRM]-Camacho
0:31 Loom
11:34 Feudal Age
15:35 Castle Age
14:09 Double-Bit Axe
14:08 Horse Collar
16:43 Wheelbarrow
21:16 Heavy Plow
23:10 Fletching
25:10 Hand Cart
25:25 Thumb Ring
25:42 Bodkin Arrow
26:39 Gold Mining
27:16 Bow Saw
28:29 Gold Shaft Mining
30:55 Imperial Age
28:28 Padded Archer Armor
28:35 Crossbowman
29:38 Ballistics
31:08 Leather Archer Armor
31:37 Bracer
31:17 Arbalester
33:36 Conscription
34:47 Chemistry
34:19 Ring Archer Armor
35:10 Elite Fire Lancer
36:41 Forging
36:32 Scale Mail Armor
hkc02
10:34 Feudal Age
14:49 Castle Age
12:45 Double-Bit Axe
13:44 Horse Collar
16:17 Bow Saw
17:32 Fletching
19:58 Padded Archer Armor
23:34 Bodkin Arrow
25:02 Ballistics
28:28 Wheelbarrow
27:39 Loom
29:09 Husbandry
33:43 Imperial Age
32:07 Bloodlines
31:54 Stone Mining
31:54 Gold Mining
34:34 Bracer
34:49 Leather Archer Armor
35:47 Heavy Plow
36:18 Conscription
37:03 Thumb Ring
36:57 Elite Mangudai
38:49 Parthian Tactics
39:52 Chemistry
38:22 Light Cavalry
39:11 Scale Barding Armor
39:17 Forging
43:19 Onager
43:27 Capped Ram
43:37 Hussar
44:41 Chain Barding Armor
44:57 Iron Casting
44:32 Siege Ram
[CRM] - Shadow
11:32 Feudal Age
16:00 Castle Age
14:02 Double-Bit Axe
13:58 Domestication
14:40 Gold Mining
17:18 Bow Saw
17:09 Pastoralism
21:58 Wheelbarrow
21:09 Loom
21:30 Stone Mining
23:50 Hand Cart
27:26 Imperial Age
25:17 Forging
25:54 Scale Barding Armor
26:14 Husbandry
26:59 Iron Casting
28:08 Chain Barding Armor
27:41 Elite Steppe Lancer
29:52 Plate Barding Armor
30:25 Ordo Cavalry
32:07 Siege Engineers
33:09 Heavy Camel Rider
34:46 Conscription
37:24 Chemistry
38:36 Capped Ram
39:45 Masonry
42:23 Light Cavalry
42:31 Siege Ram
44:21 Hussar
45:15 Fletching
Connection lost

Rejoining the realm…

Still unreachable

The connection could not be restored.

Session expired

The server has moved on; the page needs a fresh start.